 Dungeon Crawl Stone Soup version 0.26.1-2-gb8aa6d0cf2 (webtiles) character file.

Game seed: 18194641611844607211

259 windgrace the Skirmisher (level 5, -7/50 HPs)
             Began as a Minotaur Monk on Feb 18, 2021.
             Was a Believer of Cheibriados.
             Killed from afar by an oklob sapling (11 damage)
             ... with a splash of acid
             ... on level 4 of the Dungeon on Feb 19, 2021.
             The game lasted 00:08:26 (2803 turns).

windgrace the Skirmisher (Minotaur Monk)            Turns: 2803, Time: 00:08:27

Health: -7/50      AC:  4    Str: 21    XL:     5   Next: 95%
Magic:  4/4        EV: 14    Int: 13    God:    Cheibriados [**....]
Gold:   172        SH:  0    Dex: 20    Spells: 4/4 levels left

rFire    . . .     SeeInvis .   a - +0 falchion
rCold    . . .     Faith    .   (no shield)
rNeg     . . .     Spirit   .   d - +0 ring mail
rPois    .         Reflect  .   (helmet restricted)
rElec    .         Harm     .   (no cloak)
rCorr    .         Rampage  .   (no gloves)
Will     .....                  i - +1 pair of boots
Stlth    ++........             (no amulet)
HPRegen  0.16/turn              (no ring)
MPRegen  0.09/turn              (no ring)

@: corroded, very slow
A: retaliatory headbutt, horns 2
a: Renounce Religion, Bend Time


You were on level 4 of the Dungeon.
You worshipped Cheibriados.
Cheibriados was pleased with you.
You visited 1 branch of the dungeon, and saw 4 of its levels.

You collected 172 gold pieces.

Inventory:

Hand Weapons
 a - a +0 falchion (weapon)
 o - a +0 bardiche
Missiles
 j - 20 poisoned darts (quivered)
Armour
 b - a +0 robe
 d - a +0 ring mail (worn)
 i - a +1 pair of boots (worn)
Wands
 k - a wand of random effects (16)
Scrolls
 c - 2 scrolls of identify {unknown}
 e - 3 scrolls of fear {unknown}
 f - 3 scrolls of teleportation {unknown}
 h - a scroll of enchant armour {unknown}
 m - a scroll of amnesia {unknown}
 n - a scroll of remove curse {unknown}
Potions
 g - 2 potions of invisibility {unknown}
 l - 2 potions of degeneration {unknown}


   Skills:
 + Level 6.2 Fighting
 - Level 4.0 Long Blades
 - Level 4.0 Armour
 - Level 4.0 Dodging
 - Level 1.5 Stealth


You had 4 spell levels left.
You didn't know any spells.
Your spell library was empty.

Dungeon Overview and Level Annotations

Branches:
Dungeon (4/15)             Temple (0/1) D:4

Altars:
Cheibriados
Hepliaklqana
Uskayaw
Wu Jian

Annotations:
D:4 exclusion: oklob sapling


Innate Abilities, Weirdness & Mutations

You reflexively headbutt those who attack you in melee.
You have a pair of horns on your head.


Message History

The splash of acid hits you!
You are splashed with acid!
Found 25 stones.
You hit the oklob sapling. You headbutt the oklob sapling.
The oklob sapling is moderately damaged.
You hit the oklob sapling. You headbutt the oklob sapling.
The oklob sapling is heavily damaged.
You hit the oklob sapling.
The oklob sapling is severely damaged.
The oklob sapling spits acid at you. The splash of acid hits you!
* * * LOW HITPOINT WARNING * * *
The acid corrodes you!
You are splashed with acid!
* * * LOW HITPOINT WARNING * * *
Okay, then.
You hit the oklob sapling but do no damage.
You headbutt the oklob sapling.
The oklob sapling is almost destroyed.
The oklob sapling spits acid at you. The splash of acid hits you!
You die...

#. ###.# #.. ##.# #..#
#+# #.## #..# #.# #..###
#########..###.###..>..
#P..PP..#........†.....
##.PPP.P...#.....####...
#.PP!PPPP.......## ##...
#..P.>P@P.!...######...<
...PP.PP................
..P.PPP.P......####.....
##....P........# #.####
....................
.........!.........
...................
(.#.............#..
..#..............


You could see an oklob sapling.

Vanquished Creatures
  A hound (D:4)
  An orc priest (D:3)
  Ijyb (D:3)
  A worker ant (D:2)
  4 adders
  2 oozes (D:2)
  A worm (D:3)
  3 dart slugs
  2 leopard geckos (D:3)
  6 orcs (D:3)
  5 ball pythons
  11 bats
  5 giant cockroaches
  9 hobgoblins
  3 jackals (D:2)
  A quokka (D:2)
  2 frilled lizards (D:2)
  9 goblins
  8 kobolds
  13 rats
88 creatures vanquished.

Vanquished Creatures (others)
  A plant (D:4)
1 creature vanquished.

Grand Total: 89 creatures vanquished

Notes
Turn   | Place    | Note
-------+----------+-------------------------------------------
     0 | D:1      | windgrace the Minotaur Monk began the quest for the Orb.
     0 | D:1      | Reached XP level 1. HP: 19/19 MP: 0/0
    39 | D:1      | Reached skill level 4 in Fighting
    46 | D:1      | Reached XP level 2. HP: 15/27 MP: 1/1
   728 | D:1      | Reached skill level 1 in Armour
   728 | D:1      | Reached XP level 3. HP: 33/33 MP: 2/2
  1022 | D:2      | Reached XP level 4. HP: 18/40 MP: 3/3
  1513 | D:2      | Found a snail-covered altar of Cheibriados.
  1519 | D:2      | Became a worshipper of Cheibriados the Contemplative
  1519 | D:2      | Reached * piety under Cheibriados
  1519 | D:2      | Reached ** piety under Cheibriados
  1909 | D:3      | Noticed Ijyb
  1924 | D:3      | Killed Ijyb
  1925 | D:3      | Reached XP level 5. HP: 43/47 MP: 4/4
  2010 | D:3      | Reached skill level 5 in Fighting
  2313 | D:3      | Found a hide-covered altar of Uskayaw.
  2441 | D:3      | Found a hazy altar of Hepliaklqana.
  2698 | D:3      | Found an ornate altar of the Wu Jian Council.
  2763 | D:4      | Reached skill level 6 in Fighting
  2790 | D:4      | Found a staircase to the Ecumenical Temple.
  2803 | D:4      | Killed from afar by an oklob sapling

Illustrated notes

Levels and vault maps discovered:
D:1:      sevenhm_arrival_forest_fort_small_4, layout_loops_ring,
          minmay_hexomino_u4
D:2:      layout_rooms, old_standard_altar
D:3:      layout_loops_cross, nzn_hepliaklqana_mist_gate,
          lemuel_coloured_pillars_altar, nzn_wu_jian_council_hall,
          grunt_ministairs_12, minmay_misc_feat_columns, uniq_ijyb
D:4:      layout_rooms, old_standard_altar, lemuel_doored_altar,
          minmay_temple_entry_oklob, minmay_misc_feat_secret_circle,
          uniq_sigmund

Skill      XL: |  1  2  3  4  5 |
---------------+----------------+-----
Fighting       | 4 6 |  6.2
Long Blades    | 4 |  4.0
Dodging        | 4 |  4.0
Armour         | 1 3 4 |  4.0
Stealth        | |  1.5

Action                   |  1- 3 |  4- 6 || total
-------------------------+-------+-------++-------
Melee: Falchion          |    83 |    72 ||   155
       Headbutt          |    11 |    28 ||    39
 Stab: Sleeping          |     1 |     3 ||     4
Armor: Robe              |     4 |       ||     4
       Ring mail         |    25 |    13 ||    38
Dodge: Dodged            |    58 |    48 ||   106
       Rpst.: Falchion   |    17 |    11 ||    28
